 Dungeon Crawl Stone Soup version 0.28.0-1-gb440e238dd (webtiles) character file.

Game seed: 5859525030077823676

661576 Zonian the Warrior (level 27, -19/224 HPs)
             Began as a Demonspawn Ice Elementalist on Feb 19, 2022.
             Was an Initiate of Gozag.
             Drowned by Duje the pandemonium lord (32 damage)
             ... in Pandemonium on Feb 25, 2022.
             The game lasted 08:52:39 (110428 turns).

Zonian the Warrior (Demonspawn Ice Elementalist)  Turns: 110428, Time: 08:52:39

Health: -19/224    AC: 24    Str: 18 (19) XL:     27
Magic:  0/52       EV: 20    Int: 31      God:    Gozag
Gold:   9139       SH: 10    Dex: 24      Spells: 0/58 levels left

rFire   + + +      SeeInvis +   G - +9 mace of Intimidation {spect, Fly Dex+3}
rCold   + + +      Faith    .   y - +3 buckler {rPois}
rNeg    . . .      Spirit   +   T - +1 scale mail "Uphealaciecs" {*Slow rC+++ Slay+5}
rPois   +          Reflect  .   v - +2 hat {Will+}
rElec   +          Harm     .   (cloak unavailable)
rCorr   +          Rampage  .   Q - +2 pair of gloves {Str+3}
Will    +++..                   I - +2 pair of boots of Gozag's Favour {Dex+7}
Stlth   ++++......              O - amulet "Rirch" {Spirit Regen+ rCorr Str+2}
HPRegen 1.27/turn               i - +6 ring of strength
MPRegen 0.33/turn               U - ring "Tuamol" {rElec rF+++ MP+9 Str-5 Int+3}

@: brilliant, ice-armoured, resistant, gold aura, freezing walls, flying
A: demonic guardian 3, spiny 3, black mark, sharp scales 3, bedeviling, aura of
silence, weakness stinger 3, see invisible, clever 1, deformed body, shaggy fur
1, subdued magic 1
}: 4/15 runes: barnacled, slimy, silver, gossamer
a: Renounce Religion, Potion Petition, Call Merchant, Bribe Branch


You were in Pandemonium.
You worshipped Gozag.
Gozag was greatly pleased with you.
You visited 13 branches of the dungeon, and saw 57 of its levels.
You visited Pandemonium 1 time, and saw 1 of its levels.
You visited the Abyss 2 times.

You collected 31022 gold pieces.
You spent 8535 gold pieces at shops.
You paid 13348 gold pieces to Gozag.

Inventory:

Hand Weapons
 B - the +11 whip "Liugeusch" {vorpal, Str+6 Dex+2}
   (You took it off a deep elf annihilator on level 3 of the Elven Halls)

   It inflicts extra damage upon your enemies.
   Str:       It affects your strength (+6).
   Dex:       It affects your dexterity (+2).
 C - the +6 dagger of Lust {vorpal, rC+ rN+}
   (You found it on level 4 of the Vaults)

   It inflicts extra damage upon your enemies.
   rC:        It protects you from cold.
   rN:        It protects you from negative energy.
 G - the +9 mace of Intimidation (weapon) {spect, Fly Dex+3}
   (You found it on level 9 of the Dungeon)

   When its wielder attacks, the weapon's spirit leaps out and strikes again.
   The spirit shares a part of any damage it takes with its wielder.
   Dex:       It affects your dexterity (+3).
   Fly:       It grants you flight.
 P - a +9 fustibalus of flaming
Missiles
 b - 17 boomerangs of dispersal
 c - 11 javelins
 d - 591 sling bullets
 n - 20 curare-tipped darts
 u - 17 silver javelins (quivered)
 Z - 3 throwing nets
Armour
 l - a +2 helmet of see invisible
 o - the +1 leather armour of Wasaidash {rN+ MP+9 Dex+2 SInv}
   (You bought it in a shop on level 2 of the Shoals)

   Dex:       It affects your dexterity (+2).
   rN:        It protects you from negative energy.
   MP:        It affects your magic capacity (+9).
   SInv:      It lets you see invisible.
 v - a +2 hat of willpower (worn)
 y - a +3 buckler of poison resistance (worn)
 I - the +2 pair of boots of Gozag's Favour (worn) {Dex+7}
   (You bought it in a shop on level 9 of the Dungeon)

   Dex:       It affects your dexterity (+7).
 Q - a +2 pair of gloves of strength (worn)
 T - the +1 scale mail "Uphealaciecs" (worn) {*Slow rC+++ Slay+5}
   (You found it on level 5 of the Vaults)

   Slay:      It affects your accuracy & damage with ranged weapons and melee
   (+5).
   rC:        It renders you almost immune to cold.
   *Slow:     It may slow you when you take damage.
Jewellery
 i - a +6 ring of strength (left hand)
 O - the amulet "Rirch" (around neck) {Spirit Regen+ rCorr Str+2}
   (You bought it in a shop on level 14 of the Dungeon)

   [amulet of guardian spirit]

   It causes incoming damage to be divided between your reserves of health and
   magic.
   Str:       It affects your strength (+2).
   Regen:     It increases your rate of health regeneration.
   rCorr:     It protects you from acid and corrosion.
 U - the ring "Tuamol" (right hand) {rElec rF+++ MP+9 Str-5 Int+3}
   (You found it on level 8 of the Dungeon)

   [ring of magical power]

   Str:       It affects your strength (-5).
   Int:       It affects your intelligence (+3).
   rF:        It renders you almost immune to fire.
   rElec:     It insulates you from electricity.
   MP:        It affects your magic capacity (+9).
Wands
 w - a wand of mindburst (18)
 x - a wand of iceblast (9)
 D - a wand of flame (100)
 E - a wand of acid (11)
 K - a wand of digging (15)
 R - a wand of paralysis (25)
 V - a wand of charming (9)
Scrolls
 a - 4 scrolls of fog
 q - 18 scrolls of teleportation
 r - 6 scrolls of silence
 z - 12 scrolls of fear
 F - 11 scrolls of magic mapping
 L - 2 scrolls of summoning
 N - 3 scrolls of blinking
Potions
 f - 3 potions of berserk rage
 g - 12 potions of curing
 m - 3 potions of haste
 s - 3 potions of magic
 t - 3 potions of resistance
 J - 5 potions of might
 M - 9 potions of brilliance
 S - 5 potions of cancellation
 X - 6 potions of invisibility
 Y - 12 potions of ambrosia
Miscellaneous
 e - a box of beasts
 h - a phantom mirror
 j - the horn of Geryon
 p - a lightning rod (4/4)
 A - a condenser vane (inert)
 W - a tin of tremorstones (1/2)


   Skills:
 - Level 20.1 Fighting
 - Level 4.5 Short Blades
 - Level 14.0 Maces & Flails
 + Level 8.4(8.9) Slings
 - Level 4.3(6.9) Throwing
 - Level 8.1 Armour
 - Level 14.1 Dodging
 - Level 10.0 Stealth
 - Level 5.6 Shields
 - Level 16.3 Spellcasting
 + Level 15.2 Conjurations
 + Level 13.5 Hexes
 + Level 15.4 Necromancy
 - Level 11.6 Translocations
 - Level 11.3 Transmutations
 - Level 11.8 Fire Magic
 - Level 8.3 Ice Magic
 - Level 9.5 Air Magic
 - Level 2.3 Earth Magic
 - Level 11.0 Poison Magic
 - Level 14.5 Evocations


You couldn't memorise any spells.
You knew the following spells:

 Your Spells              Type           Power      Damage    Failure   Level
a - Freeze                Ice            100%       1d11      1%          1
b - Frozen Ramparts       Ice            100%       1d12      1%          3
c - Ozocubu's Armour      Ice            73%        N/A       1%          3
d - Enfeeble              Hex            56%        N/A       17%         7
e - Swiftness             Air            78%        N/A       1%          3
f - Sting                 Tmut/Pois      100%       1d8       1%          1
g - Death Channel         Necr           48%        N/A       1%          6
h - Olgreb's Toxic Radia  Pois           83%        N/A       1%          4
i - Hailstorm             Conj/Ice       85%        3d17      1%          4
j - Mephitic Cloud        Conj/Pois/Air  85%        N/A       1%          3
k - Vampiric Draining     Necr           96%        2d12      0%          3
l - Fireball              Conj/Fire      45%        3d18      1%          5
m - Portal Projectile     Hex/Tloc       100%       N/A       1%          3
o - Lesser Beckoning      Tloc           85%        N/A       1%          3
p - Irradiate             Conj/Tmut      45%        3d28      1%          5
q - Dispel Undead         Necr           96%        3d30      1%          4

Your spell library contained the following spells:

 Spells                   Type           Power      Damage    Failure   Level
 Animate Skeleton         Necr           100%       N/A       0%          1
 Foxfire                  Conj/Fire      100%       2x1d9     0%          1
 Pain                     Necr           100%       1d9       0%          1
 Slow                     Hex            100%       N/A       0%          1
 Sublimation of Blood     Necr           96%        N/A       0%          2
 Apportation              Tloc           100%       N/A       1%          1
 Shock                    Conj/Air       100%       1d9       1%          1
 Blink                    Tloc           100%       N/A       1%          2
 Corpse Rot               Necr/Air       100%       N/A       1%          2
 Ensorcelled Hibernation  Hex/Ice        100%       N/A       1%          2
 Passwall                 Tmut/Erth      55%        N/A       1%          2
 Poisonous Vapours        Pois/Air       100%       N/A       1%          2
 Scorch                   Fire           100%       2d10      1%          2
 Static Discharge         Conj/Air       87%        N/A       1%          2
 Wereblood                Tmut           83%        N/A       1%          2
 Confusing Touch          Hex            100%       N/A       1%          3
 Conjure Flame            Conj/Fire      90%        6-21      1%          3
 Dazzling Flash           Conj/Hex       100%       N/A       1%          3
 Gell's Gravitas          Tloc           85%        N/A       1%          3
 Ignite Poison            Fire/Tmut/Pois 84%        N/A       1%          3
 Inner Flame              Hex/Fire       100%       N/A       1%          3
 Summon Guardian Golem    Hex/Summ       86%        N/A       1%          3
 Teleport Other           Tloc           85%        N/A       1%          3
 Tukima's Dance           Hex            100%       N/A       1%          3
 Anguish                  Hex/Necr       57%        N/A       1%          4
 Animate Dead             Necr           48%        N/A       1%          4
 Cause Fear               Hex            56%        N/A       1%          4
 Flame Wave               Conj/Fire      90%        2d15      1%          4
 Ice Form                 Ice/Tmut       79%        N/A       1%          4
 Iskenderun's Mystic Bla  Conj/Tloc      90%        2d18      1%          4
 Leda's Liquefaction      Hex/Erth       45%        N/A       1%          4
 Passage of Golubria      Tloc           85%        N/A       1%          4
 Sticky Flame             Conj/Fire      90%        2d10      1%          4
 Agony                    Necr           96%        N/A       1%          5
 Alistair's Intoxication  Tmut/Pois      55%        N/A       1%          5
 Freezing Cloud           Conj/Ice/Air   41%        6-21      1%          5
 Iskenderun's Battlesphe  Conj           95%        2d14      1%          5
 Manifold Assault         Tloc           85%        N/A       1%          5
 Yara's Violent Unravell  Hex/Tmut       54%        3d21      1%          5
 Petrify                  Tmut/Erth      67%        N/A       2%          4
 Starburst                Conj/Fire      45%        6d13      2%          6
 Summon Small Mammal      Summ           100%       N/A       4%          1
 Conjure Ball Lightning   Conj/Air       43%        3x3d15    4%          6
 Eringya's Noxious Bog    Tmut/Pois      41%        N/A       8%          6
 Orb of Destruction       Conj           47%        9d12      8%          7
 Summon Ice Beast         Ice/Summ       56%        N/A       9%          4
 Summon Mana Viper        Hex/Summ       86%        N/A       9%          5
 Summon Forest            Summ/Tloc      31%        N/A       13%         5
 Call Canine Familiar     Summ           29%        N/A       16%         3
 Iron Shot                Conj/Erth      37%        9d7       22%         6
 Statue Form              Tmut/Erth      44%        N/A       45%         6
 Lee's Rapid Deconstruct  Erth           22%        3d14*     50%         5
 Storm Form               Tmut/Air       40%        N/A       52%         7
 Infestation              Necr           48%        N/A       52%         8
 Discord                  Hex            56%        N/A       80%         8
 Ozocubu's Refrigeration  Ice            36%        4d12      83%         7
 Spellforged Servitor     Conj/Summ      35%        N/A       90%         7
 Ignition                 Fire           42%        3d12      96%         8
 Disjunction              Tloc           42%        N/A       97%         8
 Monstrous Menagerie      Summ           14%        N/A       100%        7
 Summon Hydra             Summ           14%        N/A       100%        7
 Maxwell's Capacitive Co  Air            39%        ∞         100%        8
 Summon Horrible Things   Summ           14%        N/A       100%        8
 Chain Lightning          Conj/Air       43%        3d58      100%        9
 Death's Door             Necr           48%        N/A       100%        9


Dungeon Overview and Level Annotations

Branches:
Dungeon (15/15)            Temple (1/1) D:5            Lair (6/6) D:8
 Shoals (4/4) Lair:2       Spider (4/4) Lair:3        Slime (5/5) Lair:6
    Orc (2/2) D:11            Elf (3/3) Orc:2        Vaults (5/5) D:14
  Crypt (3/3) Vaults:2       Tomb (0/3) Crypt:3      Depths (4/4) D:15
   Hell (visited)             Dis (0/7) Hell            Geh (0/7) Hell
    Coc (0/7) Hell            Tar (0/7) Hell            Zot (4/5) Depths:4

Altars:
Ashenzari
Cheibriados
Dithmenos
Elyvilon
Fedhas
Gozag
Hepliaklqana
Kikubaaqudgha
Makhleb
Nemelex Xobeh
Okawaru
Qazlal
Ru
Sif Muna
Trog
Uskayaw
Vehumet
Wu Jian
Xom
Yredelemnul
Zin
The Shining One
Beogh
Jiyva
Lugonu

Shops:
D:5 [   D:6 ?   D:9 ((![   D:14 =:   Orc:1 :   Orc:2 (:*!   Elf:3 !
Shoals:2 [   Spider:4 *   Vaults:1 !   Vaults:2 [   Vaults:4 =   Vaults:5 (
Crypt:3 **   Depths:1 *:*

Portals:
Hell: Depths:1 Depths:2 Depths:3 Depths:4
Abyss: Depths:3 Depths:4
Pandemonium: Orc:2 Depths:2 Depths:3
Ziggurat: Depths:2
Trove: Depths:4 (give 11 potions of heal wounds)

Annotations:
D:2 1 runed translucent door, Crazy Yiuf, Sigmund
D:10 3 runed translucent doors, isthmus's ghost, novice VSCA
D:14 1 transporter
D:15 Roxanne
Spider:3 1 runed translucent door, avis's ghost, journeyman HOMo


Innate Abilities, Weirdness & Mutations

A powerful demonic guardian rushes to your aid.
You are completely covered in sharp spines.
Your melee attacks may debilitate your foes.
You are completely covered in razor-sharp scales. (AC +3, Slay +3)
Your hexes are more powerful.
You are surrounded by an aura of silence.
You have a sharp stinger which inflicts weakening toxins.
You have supernaturally acute eyesight. (SInv)
Your mind is acute. (Int +2)
Armour fits poorly on your strangely shaped body.
You are covered in fur. (AC +1)
Your spells are a little easier to cast, but a little less powerful.


Message History

Your Hell Sentinel hits Duje.
Okay, then. [a] - 352 gold - heal wounds, curing and magic [b] - 600 gold - resistance, might and haste [c] - 232 gold - heal wounds and curing Purchase which effect?
You feel much better.
You feel better.
Duje is frozen!
The wall freezes Duje.
Duje sneers, "Away with thee, thou feckless toot-wallowing mule!"
You block Duje's attack.
Your Hell Sentinel gestures at Duje.
The iron shot hits Duje!!!
You miss Duje.
Your tail-slap misses Duje.
Duje is almost dead.
Your +9 mace of Intimidation {spect, Fly Dex+3} hits Duje.
Duje is frozen!
The wall freezes Duje.
Duje closely misses you.
Duje is frozen!
The wall freezes Duje.
Duje is distracted by your dazzling golden aura.
Your Hell Sentinel misses Duje.
Your Hell Sentinel hits Duje.
Duje is no longer distracted by gold.
You catch the helpless Duje completely off-guard!
You hit Duje but do no damage. You tail-slap Duje, but do no damage.
Duje is almost dead.
Your +9 mace of Intimidation {spect, Fly Dex+3} barely misses Duje.
Duje is frozen!
The wall freezes Duje!
Duje is struck by your spines. Duje engulfs you!
* * * LOW HITPOINT WARNING * * *
Duje drowns you!!
* * * LOW HITPOINT WARNING * * *
[a] - 1044 gold - resistance, might, haste, brilliance and magic [b] - 364 gold - resistance and might [c] - 253 gold - curing and magic Purchase which effect?
You feel better. Magic courses through your body.
Duje is frozen!
The wall freezes Duje!
Duje completely misses you.
Your Hell Sentinel completely misses Duje. x2
The wall freezes Duje.
Duje engulfs you!!
* * * LOW HITPOINT WARNING * * *
Duje drowns you!!!
You die...
Your body crumbles into a pile of gold.

########################
...............§........
#####......§§§1&@.......
# #......§§#######.... #
#........# # #
#.....&..#
#####..$(1$$.#
.......($$$..# .... $
......(#####.# ...#
.......# #.# ...#
.......# #.# ...#


You could see Duje (weak, ally target) and a friendly Hell Sentinel (summoned).

Vanquished Creatures
  the Royal Jelly (Slime:5)
  A dread lich (Zot:4)
  4 ancient liches
  Sojobo (Depths:4)
  Boris (Crypt:3)
  2 Killer Klowns (Zot:4)
  Bai Suzhen (Shoals:4)
  Geryon (Hell)
  The ghost of badtown22 the Gelid, a veteran DgIE (Vaults:4)
  9 golden dragons
  A curse toe (Zot:4)
  Nikola (Spider:3)
  Arachne (Spider:3)
  A bone dragon (Crypt:3)
  An electric golem (Zot:1)
  3 doom hounds (Hell)
  Jorgrun (D:12)
  16 tentacled monstrosities
  2 Ice Fiends (Pan)
  A walking frostbound tome (Depths:3)
  A walking crystal tome (Depths:2)
  Rupert (D:14)
  7 liches
  6 titans
  3 deep elf blademasters
  3 deep elf master archers (Elf:3)
  7 quicksilver dragons
  19 acid blobs
  Gastronok (Lair:2)
  13 death cobs
  10 sphinxes
  6 ancient champions
  Donald (Shoals:4)
  15 shadow dragons
  10 tengu reavers
  15 azure jellies
  15 storm dragons
  8 draconian monks
  Kirke (D:11)
  Agnes (D:15)
  5 emperor scorpions
  13 rockslimes (Slime:5)
  5 draconian knights
  7 fire giants
  10 frost giants
  A balrug (Depths:1)
  Louise (Shoals:1)
  An orc warlord (Vaults:1)
  3 curse skulls
  3 iron dragons
  10 draconian shifters
  7 deep elf sorcerers
  8 ghost moths
  6 draconian scorchers
  18 vault wardens
  The ghost of Piopsagem the Geomancer, a journeyman DgEE (D:14)
  3 spriggan defenders (Depths:2)
  2 ghouls (Crypt:3)
  7 deep elf elementalists (Elf:3)
  A juggernaut skeleton (Crypt:3)
  8 draconian annihilators
  17 ironbound preservers
  2 draconian stormcallers
  4 reapers
  4 war gargoyles
  10 quicksilver oozes (Slime:5)
  21 stone giants
  23 very ugly things
  5 broodmothers
  Nessos (D:14)
  9 vampire knights
  3 ironbound thunderhulks
  12 deep elf annihilators
  11 green draconians
  A lorocyproca (Hell)
  11 spark wasps
  8 red draconians
  18 black draconians
  4 deep elf demonologists
  7 entropy weavers
  A wendigo (Hell)
  13 white draconians
  17 dire elephants
  11 purple draconians
  17 yellow draconians
  4 blizzard demons
  3 eidola
  2 merfolk javelineers (Shoals:4)
  5 deep elf death magi
  13 ettins
  A crystal guardian (Vaults:2)
  10 fire dragons
  Josephine (D:14)
  A green death (Pan)
  8 rakshasas
  10 merfolk impalers
  12 deep elf high priests
  8 great orbs of eyes
  12 jiangshi (Crypt:3)
  9 yaktaur captains
  Fannar (Lair:2)
  36 vault guards
  8 boulder beetles
  A fenstrider witch zombie (Crypt:2)
  16 ironbound frosthearts
  A quicksilver dragon skeleton (Crypt:3)
  A peacekeeper (Vaults:2)
  12 hydras
  5 ice dragons
  2 spriggan skeletons
  19 centaur warriors
  An ice dragon (shapeshifter) (Depths:3)
  A demonspawn (Orc:2)
  Erolcha (D:10)
  4 spriggan air magi
  2 catoblepae
  5 merfolk aquamancers
  3 ogre magi
  3 alligator snapping turtles
  2 merfolk avatars
  9 death yaks
  8 deep troll shamans
  A jorogumo (Spider:3)
  3 death knights
  9 two-headed ogres
  4 hell hogs (Pan)
  5 tengu warriors
  5 satyrs
  8 deep troll earth magi
  8 vampire magi
  9 spriggan berserkers
  Nergalle (Lair:1)
  19 hell knights
  6 orc high priests
  Sonja (Lair:5)
  6 iron trolls
  19 deep elf knights
  8 sun demons
  20 skeletal warriors
  5 soul eaters
  3 shadow wraiths
  2 sun moths (Spider:3)
  4 pharaoh ants
  A spatial maelstrom (Abyss:2)
  3 flayed ghosts (Depths:2)
  3 sea snakes
  A deep troll (shapeshifter) (Vaults:5)
  62 deep trolls
  2 lindwurms (Vaults:1)
  6 steelbarb worms
  2 death drakes (shapeshifter) (Depths:3)
  13 orb spiders
  A storm dragon skeleton (Hell)
  An orb spider (shapeshifter) (Depths:3)
  3 glowing orange brains
  12 deep elf archers
  An obsidian statue (Depths:3)
  20 ironbound convokers
  31 deep elf zephyrmancers
  6 phantasmal warriors
  11 necromancers
  9 orc knights
  A harpy (shapeshifter) (Depths:3)
  11 harpies
  23 deep elf pyromancers
  A wolf spider (shapeshifter) (Vaults:1)
  A mana viper (shapeshifter) (Vaults:1)
  12 wizards
  47 ugly things
  5 oklob plants
  20 wolf spiders
  6 orc sorcerers (Orc:2)
  2 stone giant zombies
  12 manticores
  A cyclops (shapeshifter) (Vaults:5)
  2 sphinx skeletons
  A shadow dragon skeleton (Vaults:4)
  18 fauns
  4 shining eyes
  2 tengu skeletons (D:15)
  2 fire giant zombies
  24 moths of wrath
  10 cyclopes
  A fire giant skeleton (D:15)
  3 black mambas
  7 merfolk sirens
  3 elephants
  3 rust devils
  3 smoke demons
  14 water nymphs
  An eye of devastation (shapeshifter) (Depths:3)
  2 eyes of devastation (Slime:5)
  23 vault sentinels
  5 torpor snails
  A stone giant skeleton (D:15)
  An elephant (shapeshifter) (Vaults:5)
  2 water nymphs (shapeshifter)
  7 demonic crawlers
  An unseen horror (shapeshifter) (Elf:2)
  16 cane toads
  2 gargoyles (D:12)
  2 cane toads (shapeshifter)
  Maggie (D:6)
  A naga skeleton (Hell)
  2 kobold demonologists
  A purple draconian zombie (Crypt:1)
  4 rime drakes
  A yaktaur (shapeshifter) (Depths:3)
  An anaconda simulacrum (Hell)
  A death yak skeleton (Crypt:2)
  10 komodo dragons
  2 unseen horrors
  7 ice devils
  2 efreet
  20 yaktaurs
  2 tengu conjurers (Depths:3)
  A freezing wraith (D:14)
  An ancient zyme (Abyss:2)
  2 queen bees (shapeshifter)
  9 merfolk
  2 hydra zombies
  A red devil (Pan)
  2 merfolk (shapeshifter)
  A guardian mummy (Crypt:3)
  A queen bee (Lair:1)
  11 hornets
  6 trolls
  4 polar bears
  9 meliai
  A tarantella (shapeshifter) (Depths:3)
  3 harpy skeletons
  An iron dragon simulacrum (Crypt:1)
  22 tarantellas
  Prince Ribbit (Lair:3)
  16 dream sheep
  25 blink frogs
  13 wind drakes
  A blink frog (shapeshifter) (Depths:3)
  74 slime creatures
  3 snapping turtles
  31 jumping spiders
  3 flying skulls (Crypt:3)
  2 alligator skeletons
  An ice dragon skeleton (Crypt:2)
  10 wraiths
  17 culicivoras
  2 small abominations (Abyss:2)
  19 spriggans
  9 air elementals
  2 fire bats (Pan)
  3 starcursed masses (Abyss:2)
  An ettin skeleton (Vaults:4)
  A spriggan (shapeshifter) (Depths:3)
  2 fire elementals (Elf:2)
  22 water elementals
  A vampire (D:14)
  A basilisk (shapeshifter) (D:14)
  A human (shapeshifter) (Depths:3)
  3 wyverns
  67 yaks
  2 golden eyes (Slime:5)
  3 basilisks
  A golden eye (shapeshifter) (Vaults:4)
  5 hogs (D:11)
  2 chaos spawn
  9 vampire mosquitoes
  3 neqoxecs
  57 redbacks
  4 wargs
  A large abomination (Abyss:2)
  A water nymph zombie (Crypt:2)
  4 harpy simulacra (Hell)
  2 swamp worms (Lair:2)
  5 acid dragons (Spider:3)
  A swamp worm (shapeshifter) (Depths:3)
  11 water moccasins
  3 hell hounds (Depths:1)
  An ettin simulacrum (Crypt:2)
  A floating eye (Depths:3)
  28 orc warriors
  6 black bears
  2 sky beasts (D:5)
  11 ogres
  10 boggarts
  A hornet zombie (D:5)
  4 necrophages
  26 wolves
  A dream sheep skeleton (Crypt:3)
  3 kobold brigands
  Blork the orc (D:6)
  A salamander zombie (Crypt:2)
  A gnoll sergeant (D:9)
  11 bullfrogs
  3 scorpions
  A cyclops zombie (Crypt:2)
  3 earth elementals
  A water moccasin zombie (D:5)
  3 water moccasin skeletons
  31 killer bees
  2 polar bear zombies
  3 wights (D:7)
  2 raiju skeletons (Crypt:1)
  4 howler monkeys
  4 electric eels
  A bullfrog zombie (D:6)
  24 orc priests
  2 hounds (D:6)
  2 jellies
  2 bullfrog skeletons
  3 centaur zombies
  Jessica (D:2)
  Terence (D:3)
  A basilisk skeleton (Crypt:2)
  An iguana (D:6)
  18 orc wizards
  An ogre zombie (Crypt:1)
  An acid dragon skeleton (Crypt:3)
  12 mummies (Crypt:3)
  2 howler monkey zombies
  6 gnolls
  4 adders
  A shadow imp (D:5)
  A white imp (Abyss:2)
  5 worms
  A dart slug (D:4)
  57 orcs
  3 ball pythons
  A bat (D:2)
  15 endoplasms
  7 giant cockroaches
  A gnoll zombie (Crypt:1)
  6 goblins
  4 hobgoblins
  2 jackals (D:2)
  4 quokkas
  3 frilled lizards
  A goblin skeleton (Crypt:3)
  A jackal zombie (Crypt:3)
  16 kobolds
  A kobold skeleton (Crypt:2)
  5 rats
  2 bushes
  2 fire vortices (Hell)
2382 creatures vanquished.

Vanquished Creatures (collateral kills)
  An orb of fire (Zot:1)
  A golden dragon (Vaults:5)
  A hellephant (Hell)
  A tengu reaver (Depths:4)
  An ancient champion (Crypt:3)
  2 draconian monks (Zot:2)
  A frost giant (Depths:3)
  A draconian scorcher (Zot:2)
  A draconian knight (Zot:1)
  An orc warlord (Vaults:3)
  3 vault wardens
  A draconian shifter (Zot:1)
  2 ironbound preservers (Vaults:1)
  A stone giant (Depths:2)
  3 reapers (Hell)
  2 very ugly things (Vaults:1)
  A vampire knight (Crypt:2)
  A green draconian (Zot:2)
  A dire elephant (Vaults:4)
  A white draconian (Zot:3)
  3 purple draconians
  A fire dragon (Shoals:1)
  A merfolk javelineer (Shoals:4)
  A deep elf death mage (Elf:3)
  A deep elf high priest (Elf:3)
  A crystal guardian (Vaults:2)
  2 rakshasas
  3 vault guards
  A boulder beetle (Spider:3)
  2 ice dragons (Depths:2)
  An ironbound frostheart (Vaults:1)
  A deep troll shaman (Depths:4)
  A dancing weapon (Elf:2)
  2 hell knights
  A skeletal warrior (Crypt:3)
  A pharaoh ant (Spider:3)
  An ironbound convoker (Vaults:5)
  8 deep trolls
  A steelbarb worm (Spider:3)
  An orc knight (Orc:2)
  2 moths of wrath (Zot:2)
  3 ugly things
  A cyclops (D:13)
  An elephant (Lair:4)
  A rust devil (Pan)
  A centaur skeleton (Crypt:3)
  2 tormentors (Hell)
  3 freezing wraiths
  A wind drake (Shoals:4)
  2 merfolk
  A hornet (Depths:2)
  A slime creature (Slime:2)
  A snapping turtle (shapeshifter) (Depths:2)
  A spriggan (Depths:2)
  A steam dragon (D:9)
  A boggart (Vaults:2)
84 creatures vanquished.

Vanquished Creatures (others)
  23 dancing weapons
  A deep elf knight (Elf:3)
  A wizard (Vaults:4)
  A water elemental (Shoals:4)
  A fire elemental (Elf:3)
  A creeping inferno (Hell)
  A fire vortex (Hell)
  46 fungi
  84 plants
  2 withered plants (D:15)
161 creatures vanquished.

Grand Total: 2627 creatures vanquished

Notes
Turn   | Place    | Note
-------+----------+-------------------------------------------
     0 | D:1      | Zonian the Demonspawn Ice Elementalist began the quest for
                  | the Orb.
     0 | D:1      | Reached XP level 1. HP: 13/13 MP: 3/3
   438 | D:1      | Gained mutation: You are partially covered in razor-sharp
                  | scales. (AC +1, Slay +1) [demonic ancestry]
   438 | D:1      | Reached XP level 2. HP: 13/19 MP: 1/5
  1278 | D:2      | Noticed Terence
  2073 | D:2      | Found a faded altar of an unknown god.
  2313 | D:2      | Noticed Sigmund
  2352 | D:2      | Noticed Jessica
  2359 | D:2      | Killed Jessica
  2360 | D:2      | Gained mutation: You have a small tail. [demonic ancestry]
  2360 | D:2      | Reached XP level 3. HP: 23/24 MP: 3/6
  2555 | D:2      | Found a runed translucent door.
  2556 | D:2      | Noticed Crazy Yiuf
  2910 | D:2      | Learned a level 3 spell: Frozen Ramparts
  2914 | D:2      | Learned a level 3 spell: Ozocubu's Armour
  2972 | D:2      | Reached XP level 4. HP: 30/30 MP: 7/7
  3947 | D:2      | Identified the +5 ring mail "Qigris" {Int+3 Dex+3}
  4464 | D:4      | Noticed a scorpion
  4474 | D:4      | Killed a scorpion
  4475 | D:4      | Reached XP level 5. HP: 30/35 MP: 4/9
  4482 | D:4      | Noticed a necrophage
  4590 | D:3      | Killed Terence
  4742 | D:4      | Killed a necrophage
  4743 | D:4      | Reached skill level 1 in Short Blades
  4743 | D:4      | Reached skill level 1 in Armour
  4743 | D:4      | Gained mutation: You are mostly covered in razor-sharp
                  | scales. (AC +2, Slay +2) [demonic ancestry]
  4743 | D:4      | Reached XP level 6. HP: 39/41 MP: 10/10
  4892 | D:4      | Found a sparkling altar of Nemelex Xobeh.
  5157 | D:4      | Found a shadowy altar of Dithmenos.
  5950 | D:5      | Entered Level 5 of the Dungeon
  5993 | D:5      | Noticed a wraith
  6100 | D:5      | Noticed a sky beast
  6113 | D:5      | Killed a sky beast
  6114 | D:5      | Reached XP level 7. HP: 46/46 MP: 8/12
  6161 | D:5      | Found a staircase to the Ecumenical Temple.
  6172 | Temple   | Entered the Ecumenical Temple
  6184 | Temple   | Became a worshipper of Gozag Ym Sagoz the Greedy
  6482 | D:5      | Found Fagughagg's Armour Emporium.
  6594 | D:5      | Reached skill level 5 in Ice Magic
  7319 | D:6      | Gained mutation: A weak demonic guardian rushes to your
                  | aid. [demonic ancestry]
  7319 | D:6      | Reached XP level 8. HP: 47/52 MP: 10/14
  7324 | D:6      | Found a bloodstained altar of Trog.
  7450 | D:6      | Found a basalt altar of Yredelemnul.
  7478 | D:6      | Found Poob's Magic Scroll Boutique.
  7484 | D:6      | Bought a scroll of fear for 42 gold pieces
  7484 | D:6      | Bought 3 scrolls of identify for 72 gold pieces
  7484 | D:6      | Bought a scroll of brand weapon for 240 gold pieces
  7511 | D:6      | Noticed Blork the orc
  7797 | D:6      | Noticed Maggie
  7803 | D:6      | Killed Maggie
  7804 | D:6      | Reached skill level 5 in Stealth
  7865 | D:6      | Killed Blork the orc
  8140 | D:6      | Bought a scroll of enchant weapon for 90 gold pieces
  8197 | D:7      | Found a radiant altar of Vehumet.
  8239 | D:7      | Learned a level 2 spell: Poisonous Vapours
  8421 | D:7      | Found a broken altar of Ashenzari.
  8459 | D:7      | Gained mutation: You have a tail ending in a sharp stinger.
                  | [demonic ancestry]
  8459 | D:7      | Reached XP level 9. HP: 39/57 MP: 13/16
  8462 | D:7      | Reached skill level 5 in Spellcasting
  8577 | D:7      | Reached skill level 1 in Poison Magic
  8577 | D:7      | Reached skill level 1 in Evocations
  8682 | D:7      | Reached skill level 1 in Air Magic
  9018 | D:8      | Reached skill level 5 in Dodging
  9380 | D:8      | Found a staircase to the Lair.
  9516 | D:8      | Found an ornate altar of the Wu Jian Council.
  9823 | D:8      | Noticed a white ugly thing
  9893 | D:9      | Found Vohu's Distillery.
  9969 | D:9      | Found Kuddou Laics's Weapon Boutique.
  9969 | D:9      | Noticed a two-headed ogre
  9981 | D:9      | Killed a two-headed ogre
  9982 | D:9      | Gained mutation: You are completely covered in razor-sharp
                  | scales. (AC +3, Slay +3) [demonic ancestry]
  9982 | D:9      | Reached XP level 10. HP: 37/63 MP: 11/18
  9999 | D:9      | Identified the +9 mace of Intimidation {spect, Fly Dex+3}
 10300 | D:9      | Reached skill level 1 in Fighting
 10359 | D:9      | Found Zazithra's Antique Weapon Shop.
 10475 | D:9      | Found Efeschoc's Armour Shoppe.
 10497 | D:9      | Bought the +2 pair of boots of Gozag's Favour {Dex+7} for
                  | 434 gold pieces
 10633 | D:9      | Reached skill level 1 in Maces & Flails
 10855 | D:10     | Entered Level 10 of the Dungeon
 11245 | D:10     | Noticed a two-headed ogre
 11264 | D:10     | Noticed an ogre mage
 11411 | D:10     | Paralysed by an ogre mage for 7 turns
 11413 | D:10     | Noticed a two-headed ogre
 11469 | D:10     | Reached skill level 2 in Fighting
 11493 | D:10     | Reached skill level 5 in Armour
 11693 | D:10     | Killed a two-headed ogre
 11757 | D:10     | Killed an ogre mage
 11758 | D:10     | Gained mutation: You are partially covered in sharp spines.
                  | [demonic ancestry]
 11758 | D:10     | Reached XP level 11. HP: 73/73 MP: 17/20
 11762 | D:10     | Killed a two-headed ogre
 11786 | D:10     | Reached skill level 3 in Fighting
 12146 | D:10     | Noticed Erolcha
 12156 | D:9      | Bought a potion of heal wounds for 65 gold pieces
 12156 | D:9      | Bought a potion of heal wounds for 65 gold pieces
 12156 | D:9      | Bought a potion of curing for 39 gold pieces
 12156 | D:9      | Bought 2 potions of haste for 260 gold pieces
 12156 | D:9      | Bought a potion of might for 52 gold pieces
 12176 | D:10     | Cast into level 2 of the Abyss (Erolcha)
 12217 | Abyss:2  | Learned a level 3 spell: Swiftness
 12219 | Abyss:2  | Learned a level 1 spell: Sting
 12233 | Abyss:2  | Noticed a starcursed mass
 12243 | Abyss:2  | Killed a starcursed mass
 12246 | Abyss:2  | Killed a starcursed mass
 12300 | Abyss:2  | Noticed a daeva
 12393 | Abyss:2  | Gained mutation: You are clumsy. (Dex -2) [a neqoxec]
 12400 | Abyss:2  | Gained mutation: Your body sometimes deteriorates upon
                  | taking damage. [a neqoxec]
 12524 | Abyss:2  | Found a broken altar of Ashenzari.
 12615 | Abyss:2  | Found a broken altar of Ashenzari.
 12627 | Abyss:2  | Noticed a sun demon
 12662 | Abyss:2  | Killed a sun demon
 12720 | Abyss:2  | Found a broken altar of Ashenzari.
 12763 | Abyss:2  | Noticed a starcursed mass
 12819 | Abyss:2  | Noticed a spatial maelstrom
 12846 | Abyss:2  | Killed a spatial maelstrom
 12857 | D:10     | Escaped the Abyss
 12862 | D:10     | Killed Erolcha
 12985 | D:10     | Found a runed translucent gate.
 12985 | D:10     | Found a runed translucent gate.
 12985 | D:10     | Noticed isthmus's ghost (novice VSCA)
 12986 | D:10     | Found a runed translucent gate.
 13309 | D:11     | Noticed a boulder beetle
 13309 | D:11     | Noticed a two-headed ogre
 13336 | D:11     | Killed a boulder beetle
 13385 | D:11     | Killed a two-headed ogre
 13491 | D:11     | Noticed a two-headed ogre
 13498 | D:11     | Killed a two-headed ogre
 13656 | D:11     | Found a staircase to the Orcish Mines.
 13838 | D:11     | Noticed a two-headed ogre
 13849 | D:11     | Killed a two-headed ogre
 13850 | D:11     | Reached skill level 5 in Evocations
 14061 | D:11     | Reached skill level 5 in Poison Magic
 14336 | D:11     | Reached XP level 12. HP: 83/83 MP: 22/22
 14442 | D:11     | Reached skill level 4 in Fighting
 14791 | D:8      | Noticed a five-headed hydra
 14803 | D:8      | Noticed a five-headed hydra
 14807 | D:8      | Noticed a boulder beetle
 14809 | D:8      | Killed a five-headed hydra
 14814 | D:8      | Killed a five-headed hydra
 14818 | D:8      | Killed a boulder beetle
 14845 | D:8      | Identified the amulet "Viwit" {RegenMP Will+ Int+3 Dex+3}
 14969 | D:8      | Identified the ring "Loabi" {Fly rPois rCorr Slay-4}
 14980 | D:8      | Identified the ring "Tuamol" {rElec rF+++ MP+9 Str-5 Int+3}
 14983 | D:8      | Identified the ring "Ugoivit" {rF+ Dex+6 Stlth-}
 15190 | Lair:1   | Entered Level 1 of the Lair of Beasts
 15224 | Lair:1   | Noticed a four-headed hydra
 15242 | Lair:1   | Killed a four-headed hydra
 15357 | Lair:1   | Noticed Nergalle
 15365 | Lair:1   | Killed Nergalle
 15366 | Lair:1   | Reached skill level 5 in Air Magic
 15551 | Lair:1   | Learned a level 2 spell: Ensorcelled Hibernation
 15556 | Lair:1   | Learned a level 4 spell: Olgreb's Toxic Radiance
 16396 | Lair:2   | Noticed Gastronok
 16402 | Lair:2   | Reached skill level 5 in Fighting
 16546 | Lair:2   | Noticed a seven-headed hydra
 16570 | Lair:2   | Killed a seven-headed hydra
 16574 | Lair:2   | Noticed Fannar
 16589 | Lair:2   | Killed Fannar
 16734 | Lair:2   | Noticed a four-headed hydra
 16744 | Lair:2   | Killed a four-headed hydra
 16745 | Lair:2   | Gained mutation: You have a sharp stinger which inflicts
                  | weakening toxins. [demonic ancestry]
 16745 | Lair:2   | Reached XP level 13. HP: 91/91 MP: 17/24
 16988 | Lair:2   | Found a staircase to the Shoals.
 17615 | Lair:2   | Killed Gastronok
 17616 | Lair:2   | Reached skill level 5 in Maces & Flails
 18257 | Lair:3   | Upgraded the game from 0.28.0 to 0.28.0-1-gb440e238dd
 18279 | Lair:3   | Learned a level 4 spell: Hailstorm
 18364 | Lair:3   | Noticed Prince Ribbit
 18405 | Lair:3   | Killed Prince Ribbit
 18547 | Lair:3   | Reached skill level 1 in Conjurations
 18588 | Lair:3   | Found a hole to the Spider Nest.
 19563 | Lair:4   | Reached skill level 6 in Fighting
 20319 | Lair:4   | Got the Handbook of Weightlessness and Poison
 20603 | Lair:4   | Gained mutation: You are mostly covered in sharp spines.
                  | [demonic ancestry]
 20603 | Lair:4   | Reached XP level 14. HP: 100/100 MP: 26/26
 20996 | Lair:5   | Found a transporter.
 20997 | Lair:5   | Found a transporter.
 21621 | Lair:5   | Noticed Sonja
 21630 | Lair:5   | Killed Sonja
 21810 | Lair:5   | Identified the +3 ring mail "Otrileosm" {Rampage rCorr
                  | Str-2 Int+3}
 22095 | Lair:6   | Entered Level 6 of the Lair of Beasts
 22619 | Lair:6   | Reached skill level 7 in Fighting
 23890 | D:12     | Noticed Kirke
 24239 | D:12     | Noticed Jorgrun
 24251 | D:12     | Killed Jorgrun
 24252 | D:12     | Reached skill level 1 in Shields
 24848 | D:11     | Killed Kirke
 24849 | D:11     | Gained mutation: A demonic guardian rushes to your aid.
                  | [demonic ancestry]
 24849 | D:11     | Reached XP level 15. HP: 77/108 MP: 27/27
 26497 | D:13     | Learned a level 3 spell: Mephitic Cloud
 27115 | D:14     | Found a gate to the Vaults.
 27304 | D:14     | Noticed Nessos
 27311 | D:14     | Killed Nessos
 27315 | D:14     | Reached skill level 5 in Conjurations
 27660 | D:14     | Found a runed translucent door.
 27662 | D:14     | Noticed Piopsagem's ghost (journeyman DgEE)
 27662 | D:14     | Identified the +10 trident of Oozing Pus {freeze, Int+2
                  | Dex+6}
 27782 | D:14     | Noticed Rupert
 27799 | D:14     | Paralysed by Rupert for 2 turns
 27803 | D:14     | Found a transporter.
 28018 | D:14     | Bought the amulet "Rirch" {Spirit Regen+ rCorr Str+2} for
                  | 702 gold pieces
 28081 | D:14     | Learned a level 3 spell: Vampiric Draining
 28105 | D:14     | Reached skill level 10 in Stealth
 28451 | D:14     | Found a bloodstained altar of Trog.
 28451 | D:14     | Found the +8 Wrath of Trog {antimagic, *Rage Rampage}
 28479 | D:14     | Noticed Josephine
 29064 | D:14     | Killed Rupert
 29081 | D:14     | Killed Piopsagem's ghost
 29082 | D:14     | Reached skill level 1 in Necromancy
 29320 | D:14     | Killed Josephine
 29697 | D:15     | Entered Level 15 of the Dungeon
 29758 | D:15     | Found a staircase to the Depths.
 29789 | D:15     | Reached skill level 8 in Fighting
 30194 | D:15     | Noticed Agnes
 30521 | D:15     | Killed Agnes
 30644 | D:15     | Identified Roxanne's Grimoire of the Mountains
 30644 | D:15     | Noticed Roxanne
 30921 | Orc:1    | Entered Level 1 of the Orcish Mines
 31045 | Orc:1    | Found Ocomapn's Self-Improvement Boutique.
 31068 | Orc:1    | Bought a manual of Spellcasting for 800 gold pieces
 31068 | Orc:1    | Bought a manual of Fire Magic for 800 gold pieces
 31407 | Orc:2    | Entered Level 2 of the Orcish Mines
 31442 | Orc:2    | Reached XP level 16. HP: 108/117 MP: 13/29
 31686 | Orc:2    | Found a staircase to the Elven Halls.
 31813 | Orc:2    | Found Keocsaw's General Store.
 31819 | Orc:2    | Found Wussa's Distillery.
 31969 | Orc:2    | Gained mutation: You are frail. (-10% HP) [a neqoxec]
 31970 | Orc:2    | Gained mutation: You sometimes lose the ability to read
                  | scrolls when taking damage. [a neqoxec]
 32251 | Orc:2    | Bought a potion of cancellation for 104 gold pieces
 32251 | Orc:2    | Bought a potion of magic for 104 gold pieces
 32251 | Orc:2    | Bought a potion of curing for 39 gold pieces
 32251 | Orc:2    | Bought a potion of heal wounds for 65 gold pieces
 32337 | Orc:2    | Reached skill level 10 in Spellcasting
 32337 | Orc:2    | Paralysed by an orc sorcerer for 7 turns
 32496 | Orc:2    | Found Ahouh Buiq's Book Boutique.
 32496 | Orc:2    | Found Fezunem's Antique Weapon Shop.
 32498 | Orc:2    | Found a one-way gate leading to the halls of Pandemonium.
 32502 | Orc:2    | Paralysed by an orc sorcerer for 6 turns
 32520 | Orc:2    | Bought a book of Decay for 510 gold pieces
 32812 | D:14     | Bought a ring of poison resistance for 300 gold pieces
 33078 | Spider:1 | Entered Level 1 of the Spider Nest
 33179 | Lair:5   | Lost mutation: You are clumsy. (Dex -2) [potion of
                  | mutation]
 33179 | Lair:5   | Lost mutation: You sometimes lose the ability to read
                  | scrolls when taking damage. [potion of mutation]
 33179 | Lair:5   | Lost mutation: You are frail. (-10% HP) [potion of
                  | mutation]
 33179 | Lair:5   | Gained mutation: You passively map a small area around you.
                  | [potion of mutation]
 33179 | Lair:5   | Gained mutation: You passively dampen the noise of your
                  | surroundings. [potion of mutation]
 33880 | Spider:2 | Identified the +6 hand axe of the Equator {protect, rCorr}
 35871 | Spider:2 | Reached skill level 10 in Dodging
 36181 | Spider:3 | Noticed Nikola
 36238 | Spider:3 | Killed Nikola
 36239 | Spider:3 | Reached skill level 9 in Fighting
 37036 | Spider:3 | Learned a level 3 spell: Confusing Touch
 37050 | Spider:3 | Gained mutation: Your hexes are more powerful. [demonic
                  | ancestry]
 37050 | Spider:3 | Reached XP level 17. HP: 125/125 MP: 32/32
 37198 | Spider:3 | Found a runed translucent door.
 37207 | Spider:3 | Reached skill level 5 in Necromancy
 37236 | Spider:3 | Noticed avis's ghost (journeyman HOMo)
 37540 | Spider:3 | Reached skill level 1 in Hexes
 37712 | Spider:3 | Noticed Arachne
 37725 | Spider:3 | Killed Arachne
 37968 | Spider:3 | Noticed an acid blob
 37973 | Spider:3 | Killed an acid blob
 38266 | Spider:3 | Reached skill level 10 in Poison Magic
 38553 | Spider:4 | Entered Level 4 of the Spider Nest
 39390 | Spider:4 | Bought 3 scrolls of enchant armour for 270 gold pieces
 39390 | Spider:4 | Bought a potion of heal wounds for 60 gold pieces
 40108 | Spider:4 | Reached skill level 10 in Evocations
 41575 | Spider:4 | Got a gossamer rune of Zot
 41936 | Shoals:1 | Entered Level 1 of the Shoals
 41936 | Shoals:1 | Noticed Louise
 41946 | Shoals:1 | Killed Louise
 42265 | Shoals:1 | Identified the ring "Eche" {Ice Int+2}
 43034 | Shoals:1 | Identified the +0 animal skin of Card Tricks {rPois rF+ rN+
                  | Str-3}
 43377 | Shoals:2 | Found Watzomel's Armour Shoppe.
 43385 | Shoals:2 | Bought the +1 leather armour of Wasaidash {rN+ MP+9 Dex+2
                  | SInv} for 728 gold pieces
 43385 | Shoals:2 | Bought a +1 helmet of see invisible for 264 gold pieces
 43529 | Shoals:2 | Identified the +2 pair of gloves of Intuition {rF+ Str-5
                  | Dex+2}
 43639 | Shoals:2 | Reached skill level 1 in Slings
 43645 | Shoals:2 | Reached skill level 1 in Throwing
 43663 | Shoals:2 | Reached XP level 18. HP: 119/134 MP: 19/35
 44010 | Shoals:2 | Reached XP level 19. HP: 140/140 MP: 36/36
 45432 | Shoals:4 | Entered Level 4 of the Shoals
 45437 | Shoals:4 | Noticed Donald
 45453 | Shoals:4 | Reached skill level 10 in Fighting
 45468 | Shoals:4 | Killed Donald
 45925 | D:14     | Bought a book of the Hunter for 494 gold pieces
 45929 | D:14     | Learned a level 3 spell: Portal Projectile
 45933 | D:14     | Learned a level 3 spell: Tukima's Dance
 46831 | Shoals:4 | Noticed Bai Suzhen
 46859 | Shoals:4 | Killed Bai Suzhen
 46860 | Shoals:4 | Reached skill level 1 in Translocations
 47102 | Shoals:4 | Paralysed by an air elemental for 1 turns
 47449 | Shoals:4 | Got a barnacled rune of Zot
 48534 | Elf:1    | Entered Level 1 of the Elven Halls
 48539 | Elf:1    | Paralysed by an air elemental for 1 turns
 48577 | Orc:2    | Paralysed by an air elemental for 1 turns
 49310 | Elf:1    | Reached skill level 5 in Hexes
 50211 | Elf:2    | Learned a level 3 spell: Lesser Beckoning
 50324 | Elf:2    | Reached skill level 15 in Spellcasting
 50771 | Elf:2    | Found a runed translucent gate.
 50772 | Elf:2    | Found a runed translucent gate.
 50772 | Elf:2    | Found a runed translucent gate.
 51506 | Elf:2    | Reached XP level 20. HP: 136/148 MP: 39/39
 51944 | Elf:2    | Learned a level 5 spell: Irradiate
 51951 | Elf:2    | Reached skill level 1 in Transmutations
 52406 | Elf:3    | Entered Level 3 of the Elven Halls
 52771 | Elf:3    | Found Fiablacraw's Distillery.
 52801 | Elf:3    | Bought a potion of curing for 54 gold pieces
 52801 | Elf:3    | Bought a potion of haste for 180 gold pieces
 52801 | Elf:3    | Bought a potion of curing for 54 gold pieces
 52801 | Elf:3    | Bought a potion of magic for 144 gold pieces
 55136 | Elf:2    | Reached skill level 10 in Maces & Flails
 55656 | Elf:3    | Reached skill level 11 in Fighting
 55937 | Elf:3    | Identified the +11 whip "Liugeusch" {vorpal, Str+6 Dex+2}
 56742 | Elf:3    | Identified the amulet of Wuw Dousm {Spirit rPois rN+
                  | Stlth-}
 56823 | Elf:3    | Identified the +0 scale mail "Fiklurgh" {Harm Str+4}
 56907 | Elf:3    | Identified the +6 hunting sling "Arcanum" {vorpal, Int+2}
 57045 | Elf:3    | Got the Volume of the Shifting Blaze
 57517 | Vaults:1 | Entered Level 1 of the Vaults
 57774 | Vaults:1 | Found Ufosmuf's Distillery.
 57785 | Vaults:1 | Bought a potion of curing for 63 gold pieces
 57785 | Vaults:1 | Bought a potion of magic for 168 gold pieces
 57785 | Vaults:1 | Bought a potion of curing for 63 gold pieces
 57785 | Vaults:1 | Bought a potion of haste for 210 gold pieces
 57785 | Vaults:1 | Bought a potion of cancellation for 168 gold pieces
 57885 | Vaults:1 | Identified the +1 pair of gloves of Gainwiu {rN+ Int+3}
 58267 | Lair:4   | Identified the +1 scale mail of Loss {Int+2}
 58719 | Vaults:1 | Gained mutation: Your melee attacks may debilitate your
                  | foes. [demonic ancestry]
 58719 | Vaults:1 | Reached XP level 21. HP: 157/157 MP: 40/40
 58737 | Vaults:1 | Reached skill level 10 in Conjurations
 59121 | Vaults:1 | Reached skill level 5 in Slings
 59473 | Vaults:1 | Reached skill level 5 in Translocations
 59768 | Vaults:1 | Identified the +1 leather armour "Coyvy" {rC+ Regen+}
 59776 | Vaults:1 | Noticed a golden dragon
 59803 | Vaults:1 | Killed a golden dragon
 59856 | Vaults:1 | Identified the ring "Ifry" {rC+ rN+ MP-9 Dex+6}
 61778 | Vaults:2 | Found Ugiedif's Armour Shop.
 62514 | Vaults:2 | Reached skill level 5 in Transmutations
 62602 | Vaults:2 | Found a staircase to the Crypt.
 62811 | Vaults:2 | Reached skill level 12 in Fighting
 63422 | Vaults:2 | Reached skill level 10 in Necromancy
 64789 | Vaults:3 | Identified the ring of Nuebran {rN+ rCorr Int+5}
 64941 | Vaults:3 | Gained mutation: You are completely covered in sharp
                  | spines. [demonic ancestry]
 64941 | Vaults:3 | Reached XP level 22. HP: 146/165 MP: 41/41
 65460 | Vaults:3 | Paralysed by a great orb of eyes for 2 turns
 66868 | Vaults:4 | Identified the +6 dagger of Lust {vorpal, rC+ rN+}
 68061 | Vaults:4 | Found Kiqasik's Jewellery Boutique.
 68184 | Vaults:4 | Found a runed translucent gate.
 68184 | Vaults:4 | Found a runed translucent gate.
 68184 | Vaults:4 | Found a runed translucent gate.
 68187 | Vaults:4 | Noticed badtown22's ghost (veteran DgIE)
 68492 | Vaults:4 | HP: 7/167 [badtown22's ghost/iron shot (47)]
 69232 | Vaults:4 | Learned a level 4 spell: Dispel Undead
 70050 | Vaults:4 | Killed badtown22's ghost
 70361 | Vaults:4 | Identified the -4 pair of boots of Lulimoh {rPois rCorr
                  | Dex+4}
 70362 | Vaults:4 | Identified the +3 barding of Gravitas {rC+ rCorr}
 71279 | Vaults:5 | Entered Level 5 of the Vaults
 71653 | Vaults:5 | Noticed an ancient lich
 71663 | Vaults:5 | Killed an ancient lich
 71905 | Vaults:5 | Identified the +9 quarterstaff of Popular Demand {vorpal,
                  | *Rage Will+ Str+4}
 71970 | Vaults:5 | Noticed an ancient lich
 72521 | Vaults:4 | Gained mutation: A powerful demonic guardian rushes to your
                  | aid. [demonic ancestry]
 72521 | Vaults:4 | Reached XP level 23. HP: 168/172 MP: 42/42
 73018 | Vaults:5 | Killed an ancient lich
 73060 | Vaults:5 | Got the Papyrus of Transmutation
 73103 | Vaults:5 | Learned a level 6 spell: Death Channel
 73580 | Vaults:5 | Identified the +1 scale mail "Uphealaciecs" {*Slow rC+++
                  | Slay+5}
 73637 | Vaults:5 | Identified the +7 broad axe "Gram" {speed, rElec}
 73804 | Vaults:5 | Found Itri's Antique Weapon Emporium.
 73811 | Vaults:5 | Reached skill level 5 in Shields
 73821 | Vaults:5 | Reached skill level 13 in Fighting
 74487 | Vaults:5 | Cast into level 3 of the Abyss (a deep elf demonologist)
 74494 | Vaults:5 | Escaped the Abyss
 74638 | Vaults:5 | Found the +3 giant club "Skullcrusher" {speed, Str+7}
 74644 | Vaults:5 | Got a silver rune of Zot
 75316 | Vaults:5 | Reached skill level 1 in Fire Magic
 75642 | Depths:1 | Entered Level 1 of the Depths
 75665 | Depths:1 | Found Eqidykk's Assorted Antiques.
 75668 | Depths:1 | Found Mibodou's Book Emporium.
 75670 | Depths:1 | Found Damorad's General Store.
 75690 | Depths:1 | Bought 3 scrolls of teleportation for 288 gold pieces
 75690 | Depths:1 | Bought a potion of invisibility for 256 gold pieces
 75695 | Depths:1 | Bought a wand of mindburst (3) for 112 gold pieces
 75695 | Depths:1 | Bought a wand of iceblast (7) for 176 gold pieces
 75786 | Depths:1 | Found an opulent altar of Gozag.
 76089 | Depths:1 | Identified the +3 robe of the End {Harm}
 76777 | Depths:1 | Found a gateway to Hell.
 77225 | Depths:2 | Found a one-way gateway to a ziggurat.
 77259 | Depths:2 | Reached skill level 14 in Fighting
 77267 | Depths:2 | Reached skill level 10 in Hexes
 77414 | Depths:2 | Found a hazy altar of Hepliaklqana.
 77414 | Depths:2 | Found a shimmering altar of Xom.
 78181 | Depths:2 | Reached XP level 24. HP: 175/186 MP: 38/42
 79186 | Depths:2 | Reached skill level 15 in Fighting
 79218 | Depths:2 | Got the Volume of Creation and Displacement
 79420 | Depths:2 | Reached skill level 5 in Fire Magic
 79438 | Depths:2 | Got the Reference Book on the Destructive Oath
 79811 | Vaults:4 | Learned a level 5 spell: Fireball
 80643 | Depths:3 | Found a corrupted altar of Lugonu.
 80643 | Depths:3 | Found a one-way gate to the infinite horrors of the Abyss.
 81485 | Depths:3 | Identified the +5 chain mail of Gecril {rC+ Int+3 Slay+2}
 81495 | Depths:3 | Identified the +10 lajatang "Ekac Zyucuv" {antimagic, rElec
                  | rC+ SInv}
 82450 | Depths:4 | Entered Level 4 of the Depths
 82453 | Depths:4 | Paralysed by a sphinx for 5 turns
 83007 | Depths:4 | Reached skill level 16 in Fighting
 83129 | Depths:4 | Found a portal to a secret trove of treasure.
 83131 | Depths:4 | Noticed Sojobo
 83181 | Depths:4 | Killed Sojobo
 83814 | Depths:4 | Found a gate to the Realm of Zot.
 84222 | Depths:4 | Reached XP level 25. HP: 179/199 MP: 42/42
 84820 | Crypt:1  | Entered Level 1 of the Crypt
 85081 | Crypt:1  | Identified the +0 robe of Nucati {-Tele Harm SInv}
 85577 | Crypt:1  | Reached skill level 17 in Fighting
 86616 | Crypt:3  | Entered Level 3 of the Crypt
 86910 | Crypt:3  | Noticed Boris
 87035 | Crypt:3  | Found a staircase to the Tomb.
 87210 | Crypt:3  | Killed Boris
 87892 | Crypt:3  | Identified the amulet of Neurosis {Will+ Regen+ MP+9}
 88920 | Crypt:3  | Noticed an ancient lich
 88930 | Crypt:3  | Killed an ancient lich
 88947 | Crypt:3  | Noticed an ancient lich
 88958 | Crypt:3  | Killed an ancient lich
 88985 | Crypt:3  | Got the Compendium of Evil Secrets
 88989 | Crypt:3  | Identified the ring "Nijyomee" {Drain +Blink rC+ rN+
                  | Stlth+}
 88989 | Crypt:3  | Identified the ring "Logop" {Contam rPois rN+ Will+++
                  | Str-2}
 88991 | Crypt:3  | Got Sif Muna's Reference Book on Destructive Heat
 88995 | Crypt:3  | Got the Handbook of Sinister Magic and Lightness
 89783 | Lair:6   | Found a staircase to the Slime Pits.
 89793 | Lair:6   | Reached skill level 18 in Fighting
 90405 | Slime:1  | Entered Level 1 of the Pits of Slime
 90979 | Slime:5  | Entered Level 5 of the Pits of Slime
 91245 | Slime:5  | Gained mutation: You are dopey. (Int -2) [a shining eye]
 91623 | Slime:5  | Gained mutation: Your body often deteriorates upon taking
                  | damage. [a shining eye]
 91656 | Slime:5  | Found a viscous altar of Jiyva.
 91657 | Slime:5  | Noticed the Royal Jelly
 91716 | Slime:5  | Reached skill level 10 in Translocations
 92040 | Slime:5  | Killed the Royal Jelly
 92059 | Slime:5  | Got a slimy rune of Zot
 92075 | Slime:5  | Identified the +9 rapier of Judgement {holy, Will+}
 92078 | Slime:5  | Identified the +1 rapier of Red Overwhelming Force
                  | {antimagic, rPois rN+++ Dex-3 SInv}
 92116 | Slime:5  | Identified the +2 flail "Ipeb" {holy, MP+9 SInv}
 92892 | Hell     | Entered the Vestibule of Hell
 92892 | Hell     | Noticed Geryon
 94179 | Hell     | Killed Geryon
 94281 | Hell     | Gained mutation: You are surrounded by an aura of silence.
                  | [demonic ancestry]
 94281 | Hell     | Reached XP level 26. HP: 206/213 MP: 42/42
 94399 | Hell     | Found a gateway to the decaying netherworld of Tartarus.
 94915 | Hell     | Found a gateway to the Iron City of Dis.
 95034 | Hell     | Found a gateway to the freezing wastes of Cocytus.
 95148 | Hell     | Found a gateway to the ashen valley of Gehenna.
 95604 | Zot:1    | Entered Level 1 of the Realm of Zot
 95910 | Zot:1    | Reached skill level 10 in Transmutations
 96071 | Zot:1    | Reached skill level 10 in Fire Magic
 97535 | Zot:2    | Reached skill level 19 in Fighting
 98389 | Zot:2    | Noticed an orb of fire
 98390 | Zot:2    | Gained mutation: You are very dopey. (Int -4) [an orb of
                  | fire]
 98396 | Zot:2    | Gained mutation: Your spells are a little easier to cast,
                  | but a little less powerful. [an orb of fire]
 98412 | Zot:1    | Gained mutation: Armour fits poorly on your strangely
                  | shaped body. [an orb of fire]
 98413 | Zot:1    | Gained mutation: You do not regenerate when monsters are
                  | visible. [an orb of fire]
 98418 | Zot:1    | Gained mutation: You are frail. (-10% HP) [an orb of fire]
 98419 | Zot:1    | Gained mutation: You tend to lose your temper in combat.
                  | [an orb of fire]
 99391 | Zot:2    | Identified the +5 trident "Grim Tooth" {vorpal, Int+6
                  | Dex+9}
102325 | Zot:1    | Lost mutation: You passively map a small area around you.
                  | [potion of mutation]
102325 | Zot:1    | Lost mutation: You passively dampen the noise of your
                  | surroundings. [potion of mutation]
102325 | Zot:1    | Lost mutation: You are very dopey. (Int -4) [potion of
                  | mutation]
102325 | Zot:1    | Gained mutation: You are partially covered in large bone
                  | plates. (SH +4) [potion of mutation]
102483 | Zot:3    | Reached XP level 27. HP: 148/199 MP: 39/42
104345 | Zot:1    | Killed an orb of fire
104454 | Depths:4 | Lost mutation: You are partially covered in large bone
                  | plates. (SH +4) [potion of mutation]
104454 | Depths:4 | Lost mutation: Your body often deteriorates upon taking
                  | damage. [potion of mutation]
104454 | Depths:4 | Lost mutation: You do not regenerate when monsters are
                  | visible. [potion of mutation]
104454 | Depths:4 | Gained mutation: You are agile. (Dex +2) [potion of
                  | mutation]
104483 | Depths:4 | Lost mutation: Your body sometimes deteriorates upon taking
                  | damage. [potion of mutation]
104483 | Depths:4 | Lost mutation: You tend to lose your temper in combat.
                  | [potion of mutation]
104483 | Depths:4 | Lost mutation: You are agile. (Dex +2) [potion of mutation]
104715 | Zot:4    | Reached skill level 15 in Necromancy
105379 | Zot:4    | Reached skill level 1 in Earth Magic
105439 | Zot:4    | Noticed a dread lich
105441 | Zot:4    | Killed a dread lich
105805 | Zot:4    | Reached skill level 20 in Fighting
105814 | Zot:4    | Reached skill level 15 in Conjurations
107404 | Zot:2    | Learned a level 7 spell: Enfeeble
108381 | Slime:5  | Lost mutation: You are frail. (-10% HP) [potion of
                  | mutation]
108381 | Slime:5  | Lost mutation: You are dopey. (Int -2) [potion of mutation]
108381 | Slime:5  | Gained mutation: Your mind is acute. (Int +2) [potion of
                  | mutation]
108381 | Slime:5  | Gained mutation: You have supernaturally acute eyesight.
                  | (SInv) [potion of mutation]
108381 | Slime:5  | Gained mutation: You are covered in fur. (AC +1) [potion of
                  | mutation]
110177 | Pan      | Entered Pandemonium
110349 | Pan      | Noticed Duje the pandemonium lord
110428 | Pan      | Drowned by Duje the pandemonium lord

Illustrated notes

Levels and vault maps discovered:
D:1:      matt_arrival_los_fun, layout_rooms, chequers_serial_rivers_micro_d,
          minmay_heptomino_l4
D:2:      layout_loops_cross, shapermc_ecumenical_altar_totnotflames,
          minmay_distorted, uniq_jessica, uniq_crazy_yiuf_cottage, uniq_terence,
          uniq_sigmund
D:3:      layout_basic
D:4:      minmay_inner_zag, layout_loops_ring, old_standard_altar,
          nemelex_xobeh_ov_fountains_minmay, serial_bayou_ford_a
D:5:      layout_layer_cave, minmay_temple_entry_waves, serial_shops,
          nicolae_diamond_shop, roderic_serpentine_path
D:6:      layout_loops_ring, kennysheep_mini_moat, trog_ov_bears_minmay,
          serial_shops, shop_statue, uniq_maggie, uniq_blork_the_orc
D:7:      layout_loops_ring, lemuel_crystal_altar, nicolae_ashenzari_skybound
D:8:      minmay_the_grid_triangle_9x9_rhombus_thin
          [minmay_the_grid_triangle_9x9_longest,
          minmay_the_grid_triangle_9x9_prize_special,
          minmay_the_grid_triangle_9x9_odd_lines,
          minmay_the_grid_triangle_9x9_negative_grid], layout_basic,
          mainiacjoe_overflow_brackets
D:9:      layout_loops_cross, serial_shops, nicolae_shop_hallway_plus,
          shop_statue, nicolae_take_the_stairs, nicolae_shop_statue_plus
D:10:     layout_loops_ring, ebering_ghost_rock_garden, uniq_erolcha
D:11:     layout_irregular_city, orc_0_dummy
D:12:     layout_layer_cave, portal_ice_cave_demonic_guard, uniq_jorgrun,
          uniq_kirke
D:13:     layout_cave_pools
D:14:     emtedronai_trogs_sanctum, layout_layer_cave,
          skrybe_vaults_entry_preservation, ebering_ghost_funeral_grove,
          uniq_rupert, uniq_josephine, uniq_nessos
D:15:     gammafunk_depths_entry_grave, layout_stronghold, nicolae_wwwww,
          serial_bayou, serial_bayou_lagoon_b, serial_bayou_shore_b,
          serial_bayou_pond_b, serial_bayou_lagoon_a, serial_bayou_pond_d,
          hangedman_decor_riveting, uniq_roxanne, uniq_agnes
Temple:   nicolae_temple_no_exploring_needed
Lair:1:   layout_cave_pods, special_room [special_room_bee],
          small_statue_intersection, columned_hall_lemuel, lemuel_fruit_fields,
          uniq_nergalle
Lair:2:   layout_cave_pods, shoals_dummy_entry, worms_lemuel, uniq_fannar,
          uniq_gastronok
Lair:3:   wander_river, layout_gridlike, nicolae_spider_entry_tight_spaces,
          chequers_serial_rivers_micro_d, beast_lair_carwin_5,
          uniq_prince_ribbit2
Lair:4:   layout_layer_cave
Lair:5:   gammafunk_boulding_lane, layout_loops_ring, st_stairs_13,
          grunt_megastairs_2, uniq_sonja
Lair:6:   minmay_lair_end_enchanted_forest, layout_gridlike,
          minmay_slime_entry_oklob_enclosed, chequers_serial_rivers_micro_c,
          small_statue_intersection
Shoals:1: argonaut_golden_fleece, layout_shoals, nicolae_shoals_cliffside_cave,
          nicolae_shoals_square_sea_wall, uniq_louise
Shoals:2: layout_shoals, serial_shops, shop
Shoals:3: layout_shoals, nicolae_shoals_loop_pool
Shoals:4: shoals_end_hellmonk_storm_palace [storm_palace_center_ruins,
          storm_palace_corner_reverse_hut, storm_palace_corner_blocked,
          storm_palace_corner_reverse_hut, storm_palace_corner_grid],
          uniq_donald, uniq_bai_suzhen
Spider:1: nicolae_spider_mines_3
Spider:2: layout_spider_delve
Spider:3: layout_spider_delve, ebering_ghost_reflecting_pool,
          nicolae_spider_acid_house, uniq_nikola, uniq_arachne
Spider:4: spider_rune_water
Slime:1:  layout_caves
Slime:2:  layout_caves
Slime:3:  layout_caves, nicolae_slime_barrier, nicolae_slime_welcoming_committee
Slime:4:  layout_caves, uniq_dissolution
Slime:5
Orc:1:    layout_caves, basic_altar, nicolae_shop_self_help
Orc:2:    pf_orc_diabolical, layout_caves, basic_altar
Elf:1:    nicolae_elf_arrival_aired_out, layout_loops_cross,
          hangedman_elf_represent, serial_sigils_hangedman_leer
Elf:2:    nicolae_elf_blades_crystal_corner, layout_loops_corners, minivault_4,
          minivault_19
Elf:3:    minmay_elf_hall_hex, layout_loops_ring, serial_shops, shop,
          nicolae_elf_deep_friendship
Vaults:1: v_pattern_2, nicolae_vaults_windows_and_doors_thing, v_misc_14,
          nicolae_vaults_what_the_h, st_greater_box_2, v_misc_29, v_rooms_5,
          grunt_vaults_swirl, nicolae_vaults_angled_halls,
          layout_vaults_omnibox, serial_shops, shop_fountains
Vaults:2: v_alt_pattern_1, grunt_vaults_diagonal, v_rooms_5,
          nicolae_vaults_big_ls, ontoclasm_vaults_decontamination, v_misc_24,
          blue_anna_dwarven_crypt, vaults_room_corners, hangedman_vaults_slice,
          v_misc_11, nicolae_vaults_alarming, nicolae_vaults_theta,
          v_alt_pattern_1, nicolae_vaults_little_squares_4,
          nicolae_vaults_little_squares_3, layout_vaults_omnicross,
          serial_shops, shop_fountains
Vaults:3: nicolae_vaults_circle_grid_b, v_misc_23, hangedman_vaults_maws,
          grunt_vaults_twisty, layout_vaults_quadrants
Vaults:4: gammafunk_ghost_tricky_traps, ontoclasm_vaults_idyll,
          hangedman_vaults_unwind, ontoclasm_vaults_twist,
          nicolae_vaults_octagons, v_misc_9, v_pattern_1, v_misc_19,
          v_alt_pattern_4, v_misc_18, v_misc_25, v_misc_26,
          layout_vaults_maze_bifur, serial_shops, shop_fountains
Vaults:5: serial_shops
Crypt:1:  layout_rooms
Crypt:2:  layout_chaotic_city, minivault_27, grunt_megastairs_4
Crypt:3:  david_glass_crypt, layout_basic,
          nicolae_tomb_entry_unfolded_pyramid_orthogonal, chequers_big_river,
          uniq_boris
Depths:1: layout_cave_pools, minmay_stone_trees_medium, lightli_too_deep,
          nicolae_gozag_seed_capital, minmay_shop_star
Depths:2: hangedman_slaughterboxes, hell_entry, pan_entry
Depths:3: vault_1, layout_cave_pools, rand_demon_pan_entry_4, hell_entry,
          abyss_entry_flame_altar, minmay_misc_feat_ornament
Depths:4: grunt_zot_entry_alcove, layout_gridlike, grunt_hell_entry_dis_grunt,
          enter_trove_1, minmay_misc_feat_room, abyss_entry, uniq_sojobo
Hell
Zot:1:    kennysheep_room_grid, layout_concentric_octagons, grunt_ministairs_3
Zot:2:    layout_cellular_growth
Zot:3:    layout_basic
Zot:4:    grunt_deathspiral_small, layout_concentric_octagons
Pan:      lemuel_hellion_island, layout_small_grid, nicolae_pan_sigil_obb,
          pan_surprise

Skill      XL: |  1  2  3  4  5  6  7  8  9 10 11 12 13 14 15 16 17 18 19 20 21 22 23 24 25 26 27 |
---------------+----------------------------------------------------------------------------------+-----
Stealth        | 2 3 4 5 6 7 8 9 10 | 10.0
Dodging        | 2 3 4 5 6 7 8 9 10 11 12 13 14 | 14.1
Ice Magic      | 4 5 6 7 8 |  8.3
Short Blades   | 1 2 3 4 |  4.5
Armour         | 1 2 3 4 5 6 7 8 |  8.1
Spellcasting   | 3 4 5 6 7 8 9 11 13 15 16 | 16.3
Poison Magic   | 2 3 5 6 7 8 9 10 11 | 11.0
Evocations     | 2 4 5 6 7 8 9 10 11 12 13 14 | 14.5
Air Magic      | 2 3 4 5 6 7 8 9 |  9.5
Fighting       | 2 3 5 6 7 8 9 10 11 12 14 16 18 19 20 | 20.1
Maces & Flails | 2 3 4 5 6 7 8 9 10 11 12 13 14 | 14.0
Conjurations   | 2 4 5 7 8 9 10 11 12 13 14 15 | 15.2
Shields        | 1 3 4 5 |  5.6
Necromancy     | 2 4 6 7 9 10 11 12 13 14 15 | 15.4
Hexes          | 3 5 6 8 9 10 11 12 13 | 13.5
Slings         | 1 3 4 6 7 8 |  8.4
Throwing       | 1 3 4 |  4.3
Translocations | 2 4 6 7 8 9 10 11 | 11.6
Transmutations | 3 5 6 7 8 9 10 11 | 11.3
Fire Magic     | 4 7 9 11 | 11.8
Earth Magic    | 2 |  2.3

Action                   |  1- 3 |  4- 6 |  7- 9 | 10-12 | 13-15 | 16-18 | 19-21 | 22-24 | 25-27 || total
-------------------------+-------+-------+-------+-------+-------+-------+-------+-------+-------++-------
Melee: Unarmed           |    24 |       |       |       |       |       |       |       |       ||    24
       Short sword       |    15 |   138 |   194 |     4 |     5 |       |       |       |       ||   356
       Tailslap          |       |    15 |    23 |    55 |   194 |   169 |   354 |   603 |   785 ||  2198
       Punch             |       |     2 |     3 |    10 |     1 |       |       |       |       ||    16
       Mace              |       |       |       |   320 |   762 |   620 |   943 |  1328 |   511 ||  4484
       Trident           |       |       |       |       |       |     7 |       |       |       ||     7
       Whip              |       |       |       |       |       |       |   425 |   542 |  1854 ||  2821
 Fire: Hunting sling     |       |       |       |       |       |    25 |    41 |    21 |    47 ||   134
       Fustibalus        |       |       |       |       |       |       |       |       |    14 ||    14
Throw: Dart              |       |     4 |       |     3 |       |       |       |       |       ||     7
       Javelin           |       |       |       |       |       |       |     5 |       |    25 ||    30
 Cast: Freeze            |    50 |    31 |    17 |     3 |       |       |       |       |       ||   101
       Frozen Ramparts   |       |     1 |    15 |    23 |    34 |    24 |    13 |     9 |    30 ||   149
       Ozocubu's Armour  |       |       |     3 |     1 |     3 |     1 |     6 |     8 |     5 ||    27
       Poisonous Vapours |       |       |       |     6 |    40 |       |    37 |    29 |       ||   112
       Swiftness         |       |       |       |     1 |       |       |       |       |       ||     1
       Ensorcelled Hiber |       |       |       |     2 |     5 |     6 |     1 |       |       ||    14
       Olgreb's Toxic Ra |       |       |       |       |    21 |    77 |    98 |    45 |     1 ||   242
       Sting             |       |       |       |       |     1 |       |       |       |     1 ||     2
       Mephitic Cloud    |       |       |       |       |     6 |    20 |    66 |    29 |     4 ||   125
       Hailstorm         |       |       |       |       |     4 |    33 |    18 |    20 |    18 ||    93
       Confusing Touch   |       |       |       |       |       |     3 |     1 |       |       ||     4
       Lesser Beckoning  |       |       |       |       |       |       |    17 |     3 |     6 ||    26
       Tukima's Dance    |       |       |       |       |       |       |     4 |       |       ||     4
       Irradiate         |       |       |       |       |       |       |     4 |    14 |    17 ||    35
       Portal Projectile |       |       |       |       |       |       |     1 |       |     7 ||     8
       Vampiric Draining |       |       |       |       |       |       |     2 |     1 |       ||     3
       Dispel Undead     |       |       |       |       |       |       |       |    21 |    38 ||    59
       Fireball          |       |       |       |       |       |       |       |     7 |    47 ||    54
       Death Channel     |       |       |       |       |       |       |       |     2 |     1 ||     3
Invok: Call Merchant     |       |       |       |       |     1 |     2 |       |       |     2 ||     5
       Potion Petition   |       |       |       |       |     1 |       |     1 |     5 |    16 ||    23
Evoke: Wand              |       |       |     4 |    17 |    11 |    19 |    19 |    20 |    29 ||   119
       Lightning rod     |       |       |       |       |     5 |       |    10 |     6 |     7 ||    28
       Condenser vane    |       |       |       |       |     3 |       |     1 |     2 |     1 ||     7
       Tin of tremorston |       |       |       |       |       |       |     3 |     2 |     5 ||    10
       Box of beasts     |       |       |       |       |       |       |     2 |       |     1 ||     3
       Horn of Geryon    |       |       |       |       |       |       |       |       |     1 ||     1
       Phantom mirror    |       |       |       |       |       |       |       |       |     1 ||     1
  Use: Scroll            |     1 |     6 |     8 |     7 |    12 |     8 |    12 |    12 |    21 ||    87
       Potion            |     1 |       |       |     6 |     5 |     3 |    14 |    10 |    19 ||    58
 Stab: Sleeping          |     2 |    11 |     5 |     8 |    26 |    15 |    42 |    35 |    25 ||   169
       Distracted        |       |       |     1 |    11 |    29 |    21 |    31 |    59 |    62 ||   214
       Petrified         |       |       |       |       |     2 |       |       |       |       ||     2
       Invisible         |       |       |       |       |     5 |       |       |       |       ||     5
       Confused          |       |       |       |       |     2 |    18 |    35 |    18 |     2 ||    75
Armor: Robe              |    18 |    11 |       |       |       |       |       |       |       ||    29
       Ring mail         |       |    54 |    69 |    86 |   222 |   283 |       |       |       ||   714
       Leather armour    |       |       |       |       |       |    16 |   318 |   253 |       ||   587
       Scale mail        |       |       |       |       |       |       |       |   287 |   742 ||  1029
Dodge: Dodged            |    46 |    79 |   124 |   272 |   631 |   474 |   817 |   945 |  1150 ||  4538
Block: Buckler           |       |       |       |       |   116 |   210 |   393 |   565 |   798 ||  2082
